 Dungeon Crawl Stone Soup version 0.16-a0-3325-g64f94fb (webtiles) character file.

8043 PolkaDot the Spear-Bearer (level 11, -3/75 HPs)
             Began as a Vampire Summoner on Dec 27, 2014.
             Was a Believer of Sif Muna.
             Slain by a red ugly thing (17 damage)
             ... on level 11 of the Dungeon.
             The game lasted 00:54:36 (14070 turns).

PolkaDot the Spear-Bearer (Vampire Summoner)       Turns: 14070, Time: 00:54:36

Health: -3/75      AC:  7    Str:  7    XL:     11   Next: 4%
Magic:  9/20       EV: 12    Int: 20    God:    Sif Muna [**....]
Gold:   1108       SH:  0    Dex: 14    Spells: 4 memorised, 4 levels left

rFire  . . .     SeeInvis +     s - +5 trident (distort)
rCold  . . .     Clarity  .     a - +0 robe
rNeg   . . .     SustAb   .     (no shield)
rPois  .         Gourm    .     j - +0 helmet
rElec  .         Spirit   .     k - +0 cloak
rCorr  .         Warding  .     g - +1 pair of gloves (curse)
rMut   .         Stasis   .     z - +0 pair of boots
MR     +....                    (no amulet)
Stlth  ++........               (no ring)
                                I - ring of wizardry

@: regenerating quickly, somewhat resistant to hostile enchantments, unstealthy
A: bottle blood, fangs 3, see invisible, unbreathing
a: Channel Energy, Forget Spell, Renounce Religion


You were on level 11 of the Dungeon.
You worshipped Sif Muna.
Sif Muna was pleased with you.
You were very full.

You visited 2 branches of the dungeon, and saw 12 of its levels.

You collected 1225 gold pieces.
You spent 117 gold pieces at shops.

Inventory:

Hand weapons
 s - a +5 trident of distortion (weapon)
Missiles
 e - a throwing net (quivered)
Armour
 a - a +0 robe (worn)
 g - a cursed +1 pair of gloves (worn)
 j - a +0 helmet (worn)
 k - a +0 cloak (worn)
 z - a +0 pair of boots (worn)
Jewellery
 I - a ring of wizardry (left hand)
Magical devices
 c - a wand of magic darts (3)
 h - a wand of magic darts (0)
 m - a wand of fireball (4)
 t - a wand of invisibility (7)
 u - a wand of slowing (16)
 A - a wand of confusion (7)
 C - a wand of random effects (19)
 G - a wand of slowing (33)
 P - a wand of cold (7)
Scrolls
 d - 6 scrolls of remove curse
 i - a scroll of immolation {unknown}
 n - a scroll of brand weapon {unknown}
 q - a scroll of recharging
 r - 3 scrolls of enchant armour
 y - 3 scrolls of magic mapping
 D - a scroll of teleportation
 L - a scroll of torment {unknown}
 N - a scroll of holy word {unknown}
Potions
 l - 8 potions of blood {@*1}
 o - 2 potions of curing
 p - 2 potions of restore abilities
 v - a potion of flight
 w - a potion of resistance
 x - a potion of magic
 B - a potion of cure mutation {unknown}
 E - a potion of mutation {unknown}
 F - a potion of cancellation {unknown}
 H - a potion of lignification {unknown}
 J - a potion of agility
 K - a potion of heal wounds
 M - a potion of poison {unknown}
 O - a potion of degeneration {unknown}
Books
 b - a book of Callings

   Spells                             Type                      Level
   a - Summon Small Mammal            Summoning                    1
   b - Call Imp                       Summoning                    2
   c - Call Canine Familiar           Summoning                    3
   d - Summon Guardian Golem          Hexes/Summoning              4
   e - Summon Lightning Spire         Summoning/Air                4
   f - Summon Ice Beast               Ice/Summoning                4
 f - a book of Dreams

   Spells                             Type                      Level
   a - Ensorcelled Hibernation        Hexes/Ice                    2
   b - Flight                         Charms/Air                   3
   c - Phase Shift                    Translocation                5
   d - Shadow Creatures               Summoning                    5
   e - Mass Confusion                 Hexes                        6
   f - Darkness                       Hexes                        7


   Skills:
 - Level 3.3 Fighting
 * Level 10.4 Polearms
 - Level 2.1 Dodging
 - Level 3.0 Stealth
 - Level 2.0 Spellcasting
 + Level 9.8 Summonings
 - Level 5.1 Ice Magic
 + Level 6.0 Evocations


You had 4 spell levels left.
You knew the following spells:

 Your Spells              Type           Power        Failure   Level  Hunger
d - Call Canine Familiar  Summ           #####...     1%          3    ###....
i - Summon Ice Beast      Ice/Summ       ####....     4%          4    #####..
s - Call Imp              Summ           #####...     1%          2    ##.....
z - Summon Small Mammal   Summ           ####         1%          1    #......


Dungeon Overview and Level Annotations

Branches:
Dungeon (11/15)            Temple (1/1) D:6            Lair (0/8) D:9
    Orc (0/4) D:9

Altars:
Ashenzari
Cheibriados
Dithmenos
Makhleb
Nemelex Xobeh
Okawaru
Qazlal
Ru
Sif Muna
Vehumet
Xom
Yredelemnul
The Shining One

Shops:
D:4 !   D:7 [   D:8 [   D:9 [

Annotations:
D:8 Grum


Innate Abilities, Weirdness & Mutations

Your natural rate of healing is unusually fast.
You can bottle blood from corpses.
You have razor-sharp teeth.
You have supernaturally acute eyesight.
You can survive without breathing.


Message History

The red ugly thing closely misses you.
Casting: Call Imp
Confirm with . or Enter, or press ? or * to list all spells.
The red ugly thing stings you!
You are engulfed in flames!!
* * * LOW HITPOINT WARNING * * *
Casting: Call Canine Familiar
Confirm with . or Enter, or press ? or * to list all spells.
A chill wind blows around you. The red ugly thing stings you!
* * * LOW HITPOINT WARNING * * *
You are engulfed in flames!!
* * * LOW HITPOINT WARNING * * *
Casting: Summon Ice Beast
Confirm with . or Enter, or press ? or * to list all spells.
A chill wind blows around you.
* * * LOW MAGIC WARNING * * *
Your hound bites the red ugly thing but does no damage.
The red ugly thing stings you!
* * * LOW HITPOINT WARNING * * *
You are engulfed in flames!
You die...

#..........#
#...#+#...##
#.#.#.#.#.#
#.#.#.#.#.#
#...#.'...#
#..[#.###........
#.#.#...#.#..#..
#...##..#.......
#..Y@h..##########
#.##u#...........#
#..Y.#############
#..... #.#...#
#...... ########


You could see a red ugly thing, 2 friendly ice beasts and a friendly hound.

Vanquished Creatures
  A slime creature (D:9)
  A fire drake (D:9)
  A two-headed ogre (D:8)
  Grinder (D:3)
  9 yaks (D:10)
  Eustachio (D:8)
  A deep elf mage (D:9)
  A hungry ghost (D:11)
  A wolf (D:8)
  Edmund (D:4)
  Menkaure (D:5)
  A sky beast (D:7)
  An orc warrior (D:6)
  2 necrophages (D:10)
  A black bear (D:9)
  A phantom (D:4)
  2 ice beasts
  5 ogres
  6 centaurs
  2 giant frogs
  4 scorpions
  3 killer bees
  6 wights
  2 giant frog zombies
  2 goliath beetles
  A jelly (D:8)
  7 crimson imps
  3 orc priests
  A giant frog skeleton (D:11)
  2 centaur skeletons
  2 iguanas
  4 orc wizards
  5 worker ants
  A hound zombie (D:5)
  A hound skeleton (D:6)
  A mummy (D:7)
  A worker ant zombie (D:8)
  10 adders
  A gnoll (D:4)
  5 shadow imps
  A white imp (D:10)
  2 worms (D:2)
  An adder skeleton (D:9)
  2 oozes
  3 giant geckos
  27 orcs
  A bat zombie (D:6)
  17 hobgoblins
  12 jackals
  15 kobolds
  5 quokkas
  2 ball pythons (D:2)
  14 bats
  4 giant cockroaches
  A giant gecko skeleton (D:9)
  8 giant newts
  A giant spore (D:10)
  17 goblins
  A jackal skeleton (D:8)
  10 rats
  12 ballistomycetes
  A fungus (D:1)
259 creatures vanquished.

Vanquished Creatures (collateral kills)
  5 yaks (D:10)
  A wolf (D:8)
  A water moccasin (D:10)
  4 orc warriors
  A phantom (D:9)
  2 scorpions
  4 killer bees
  An orc priest (D:10)
  An orc wizard (D:8)
  Terence (D:2)
  Robin (D:4)
  2 adders (D:2)
  2 gnolls (D:4)
  3 worms
  An adder skeleton (D:10)
  2 orcs
  5 goblins
  3 hobgoblins
  A jackal (D:1)
  3 kobolds (D:1)
  2 bats
  A rat (D:1)
47 creatures vanquished.

Vanquished Creatures (others)
  A troll (D:10)
  10 ice beasts
  4 wolves
  A human (D:10)
  2 water moccasins
  An orc warrior (D:6)
  An eye of draining (D:10)
  An ogre (D:8)
  A scorpion (D:7)
  A wight (D:8)
  A killer bee (D:7)
  A crimson imp (D:8)
  A goliath beetle (D:10)
  An iron imp (D:7)
  3 hounds
  4 orc wizards
  An adder (D:5)
  2 shadow imps
  An adder skeleton (D:4)
  2 orcs
  2 hobgoblins
  A kobold (D:10)
  A quokka (D:1)
  2 bats (D:1)
  4 giant spores
  2 rats (D:1)
  3 ballistomycetes
55 creatures vanquished.

Grand Total: 361 creatures vanquished

Notes
Turn   | Place    | Note
--------------------------------------------------------------
     0 | D:1      | PolkaDot, the Vampire Summoner, began the quest for the Orb.
     0 | D:1      | Reached XP level 1. HP: 13/13 MP: 3/3
   195 | D:1      | Reached skill level 1 in Fighting
   408 | D:1      | Reached XP level 2. HP: 19/21 MP: 4/4
   741 | D:1      | HP: 1/22 [kobold (3)]
  1277 | D:2      | Reached XP level 3. HP: 18/28 MP: 0/6
  1332 | D:2      | Learned a level 2 spell: Call Imp
  1336 | D:2      | Learned a level 3 spell: Call Canine Familiar
  1903 | D:2      | Noticed Terence
  1918 | D:2      | Killed Terence
  2067 | D:2      | Reached XP level 4. HP: 35/35 MP: 7/7
  2610 | D:3      | Noticed Grinder
  2621 | D:3      | Paralysed by Grinder for 6 turns
  2626 | D:3      | HP: 1/35 [Grinder/wand of magic darts (8)]
  3286 | D:3      | Killed Grinder
  3286 | D:3      | Reached XP level 5. HP: 28/41 MP: 1/9
  3488 | D:3      | Found a snail-covered altar of Cheibriados.
  3548 | D:4      | Noticed Robin
  3558 | D:4      | Found Qefeppi's Distillery.
  3665 | D:4      | Killed Robin
  3875 | D:4      | Noticed a phantom
  3878 | D:4      | Noticed an ogre
  3921 | D:4      | Killed a phantom
  3921 | D:4      | Reached skill level 5 in Summonings
  3921 | D:4      | Reached XP level 6. HP: 6/47 MP: 4/10
  4168 | D:4      | Noticed a phantom
  4507 | D:4      | Found a sparkling altar of Nemelex Xobeh.
  4605 | D:4      | Killed an ogre
  4650 | D:4      | Noticed Edmund
  4835 | D:4      | Killed Edmund
  4835 | D:4      | Reached XP level 7. HP: 37/52 MP: 12/12
  5028 | D:4      | Learned a level 4 spell: Summon Ice Beast
  5061 | D:5      | Entered Level 5 of the Dungeon
  5262 | D:5      | Noticed Menkaure
  5281 | D:5      | Killed Menkaure
  5281 | D:5      | Reached skill level 5 in Polearms
  5588 | D:5      | Reached skill level 6 in Summonings
  5824 | D:5      | Found a sacrificial altar of Ru.
  5825 | D:5      | Found a shattered altar of Ashenzari.
  6193 | D:6      | Reached XP level 8. HP: 40/58 MP: 13/13
  6479 | D:6      | Noticed a deep elf mage
  6489 | D:6      | Found a staircase to the Ecumenical Temple.
  6497 | Temple   | Entered the Ecumenical Temple
  6502 | Temple   | Became a worshipper of Sif Muna the Loreminder
  6758 | D:6      | Found a radiant altar of Vehumet.
  6796 | D:6      | Reached skill level 1 in Ice Magic
  6869 | D:6      | Found a glowing golden altar of the Shining One.
  6902 | D:6      | Reached skill level 7 in Summonings
  7003 | D:6      | Acquired Sif Muna's first power
  7187 | D:7      | Got an ichor-stained scale mail
  7202 | D:7      | Identified the +2 scale mail of the Twelve Souls {rPois Int+1} (You found it on level 7 of the Dungeon)
  7650 | D:7      | Found Fadoar's Armour Emporium.
  7797 | D:7      | Reached XP level 9. HP: 64/64 MP: 14/14
  8247 | D:7      | Reached skill level 5 in Ice Magic
  8892 | D:8      | Noticed Grum
  8902 | D:8      | Reached skill level 1 in Evocations
  9545 | D:8      | Found Zyodot's Antique Armour Boutique.
  9573 | D:8      | Reached skill level 8 in Summonings
  9592 | D:8      | Bought a pair of boots for 117 gold pieces
  9716 | D:8      | Noticed Eustachio
  9723 | D:8      | Killed Eustachio
  9723 | D:8      | Acquired Sif Muna's second power
 10535 | D:9      | Found Befemyit's Armour Emporium.
 10538 | D:9      | Found a staircase to the Orcish Mines.
 10924 | D:9      | Noticed a fire drake
 10938 | D:9      | Killed a fire drake
 10938 | D:9      | Reached XP level 10. HP: 28/70 MP: 8/16
 11046 | D:9      | Found a staircase to the Lair.
 11447 | D:9      | Reached skill level 9 in Polearms
 11712 | D:10     | Entered Level 10 of the Dungeon
 12218 | D:10     | Reached skill level 5 in Evocations
 12606 | D:10     | Reached skill level 10 in Polearms
 13755 | D:10     | Reached XP level 11. HP: 75/75 MP: 20/20
 13950 | D:11     | Noticed an unseen horror
 14070 | D:11     | Slain by a red ugly thing

Action                   |  1- 3 |  4- 6 |  7- 9 | 10-12 || total
-------------------------+-------+-------+-------+-------++-------
Melee: Unarmed           |   117 |       |       |       ||   117
       Dagger            |    84 |    68 |       |       ||   152
       Trident           |       |   125 |   424 |   242 ||   791
 Cast: Summon Small Mamm |    28 |       |       |       ||    28
       Call Imp          |     7 |    18 |    13 |     2 ||    40
       Call Canine Famil |     2 |     9 |    11 |    12 ||    34
       Summon Ice Beast  |       |       |    13 |    34 ||    47
Invok: Channel Energy    |       |       |    11 |       ||    11
 Abil: End Transformatio |       |     1 |       |       ||     1
       Bat Form          |       |     1 |       |       ||     1
Evoke: Wand              |       |    10 |     4 |       ||    14
  Use: Potion            |     2 |    16 |    38 |    24 ||    80
       Scroll            |       |     3 |    16 |     1 ||    20
 Stab: Sleeping          |     4 |     4 |    12 |     3 ||    23
       Distracted        |       |     2 |     4 |     3 ||     9
       Invisible         |       |       |     5 |       ||     5
  Eat: Corpse            |    14 |       |       |       ||    14
